 Dungeon Crawl Stone Soup version 0.25-a0-479-g8579842fd4 (webtiles) character file.

Game seed: 1196733419261620188, levelgen mode: deterministic

49 Notrik the Skirmisher (level 3, -1/34 HPs)
             Began as a Hill Orc Berserker on Feb 9, 2020.
             Was a Believer of Trog.
             Slain by a goblin
             ... wielding a +0 dagger
             ... led by Robin
              (4 damage)
             ... on level 2 of the Dungeon.
             The game lasted 00:01:26 (952 turns).

Notrik the Skirmisher (Hill Orc Berserker)           Turns: 952, Time: 00:01:26

Health: -1/34      AC:  2    Str: 20    XL:     3   Next: 75%
Magic:  3/3        EV: 12    Int:  7    God:    Trog [**....]
Gold:   62         SH:  0    Dex: 10    Spells: 2/2 levels left

rFire    . . .     SeeInvis .   a - +0 hand axe
rCold    . . .     Gourm    .   (no shield)
rNeg     . . .     Faith    .   b - +0 animal skin
rPois    .         Spirit   .   (no helmet)
rElec    .         Reflect  .   (no cloak)
rCorr    .         Harm     .   (no gloves)
MR       .....                  (no boots)
Stlth    +.........             (no amulet)
HPRegen  0.11/turn              (no ring)
MPRegen  0.08/turn              (no ring)

@: berserk cooldown, slowed, very slow
A: no striking features
a: Berserk, Trog's Hand, Renounce Religion


You were on level 2 of the Dungeon.
You worshipped Trog.
Trog was pleased with you.
You were very hungry.

You visited 1 branch of the dungeon, and saw 2 of its levels.

You collected 62 gold pieces.

Inventory:

Hand Weapons
 a - a +0 hand axe (weapon)
Armour
 b - a +0 animal skin (worn)
Scrolls
 d - a scroll of teleportation {unknown}
 f - a scroll of blinking {unknown}
 g - a scroll of magic mapping {unknown}
 h - a scroll of amnesia {unknown}
 i - a scroll of enchant weapon {unknown}
Comestibles
 c - a chunk of flesh
 e - 3 rations {!d}


   Skills:
 * Level 4.7 Fighting
 + Level 4.6 Axes
 + Level 2.8 Armour
 - Level 1.5 Dodging


You had 2 spell levels left.
You didn't know any spells.
Your spell library was empty.

Dungeon Overview and Level Annotations

Branches:
Dungeon (2/15)

Altars:

Annotations:
D:2 Robin


Message History

You barely miss the hobgoblin. The hobgoblin closely misses you.
You barely miss the hobgoblin. You closely miss the hobgoblin.
The hobgoblin barely misses you.
Unknown command.
You closely miss the hobgoblin.
Robin of the Strong Arm comes into view.
They are wielding a +3 dagger of venom and carrying a wand of random effects (18).
The hobgoblin closely misses you.
You hit the hobgoblin.
You kill the hobgoblin!
Trog accepts your kill.
You closely miss the hobgoblin. You slash the hobgoblin!
You kill the hobgoblin!
Trog accepts your kill.
You can now call upon Trog for regeneration and magic resistance.
Unknown command.
You barely miss the adder. The adder bites you.
* * * LOW HITPOINT WARNING * * *
You miss the adder. The adder misses you.
You slash the adder!
Robin roars a battlecry!
The hobgoblins go into a battle-frenzy!
The adder barely misses you.
You slash the adder!
You kill the adder!
Trog accepts your kill.
Unknown command.
You are no longer berserk.
You are exhausted.
You feel yourself slow down. The hobgoblin completely misses you.
Items here: ))))) †† You slash the hobgoblin!
You kill the hobgoblin!
Trog accepts your kill.
The quokka bites you but does no damage.
You miss the quokka. The quokka bites you.
* * * LOW HITPOINT WARNING * * *
You barely miss the quokka. The quokka closely misses you.
The quokka bites you.
* * * LOW HITPOINT WARNING * * *
Robin points. "Kill!"
A goblin comes into view. It is wielding a +0 dagger.
The goblin shouts!
The quokka barely misses you.
A bat comes into view.
You see here 23 bolts.
You fail to use your ability.
The quokka barely misses you. The goblin hits you with a +0 dagger.
You die...

#. .. #. #.
#(## ..#
#.# ##
#.####...#.
#†@rgg.....
#
#g####...##
#.#####.#
.#
#.......#
####.#.##
#.#.# #.#..
#.######..
#.........


You could see Robin, a quokka, a hobgoblin and a goblin.

Vanquished Creatures
  An adder (D:2)
  2 leopard geckos (D:1)
  3 giant cockroaches
  4 goblins
  6 hobgoblins
  3 kobolds (D:1)
  7 bats
  4 frilled lizards
  7 rats (D:1)
37 creatures vanquished.

Notes
Turn   | Place    | Note
-------+----------+-------------------------------------------
     0 | D:1      | Notrik the Hill Orc Berserker began the quest for the Orb.
     0 | D:1      | Reached XP level 1. HP: 19/19 MP: 1/1
   125 | D:1      | Reached XP level 2. HP: 22/27 MP: 2/2
   572 | D:1      | Reached XP level 3. HP: 32/34 MP: 3/3
   939 | D:2      | Noticed Robin
   942 | D:2      | Reached ** piety under Trog
   952 | D:2      | Slain by a goblin

Levels and vault maps discovered:
D:1:      dpeg_arrival_refuge, layout_basic
D:2:      layout_loops_ring, first_ration, uniq_robin, uniq_crazy_yiuf_cottage

Skill      XL: |  1 |
---------------+----+-----
Fighting       | 4 |  4.7
Axes           | |  4.6
Armour         | |  2.8
Dodging        | |  1.5

Action                   || total
-------------------------++-------
Melee: Hand axe          ||   116
Invok: Berserk           ||     1
 Stab: Sleeping          ||     2
Armor: Animal skin       ||    16
Dodge: Dodged            ||    89

Table legend:
 A = Non-vault XP
 B = Vault XP
 C = Vault XP percentage of total XP
 D = Non-vault monster count
 E = Vault monster count
 F = Vault count percentage of total count
                 A         B        C        D         E       F
            +---------+---------+-------+---------+---------+-------
      Total |      58 |      12 |  17.1 |      31 |       6 |  16.2
            +---------+---------+-------+---------+---------+-------
        D:1 |      39 |       0 |   0.0 |      26 |       0 |   0.0
        D:2 |      19 |      12 |  38.7 |       5 |       6 |  54.5
            +---------+---------+-------+---------+---------+-------
